[Event "*** Titled Tuesday Blitz"]
[Site "Chess.com"]
[Date "2020.11.24"]
[Round "6"]
[White "klimkoj"]
[Black "RD4ever"]
[Result "1/2-1/2"]
[WhiteElo "2628"]
[BlackElo "2816"]
[TimeControl "180+1"]
[EndTime "11:24:20 PST"]
[Termination "Game drawn by repetition"]

1. e4 e6 2. d4 d5 3. Nc3 Bb4 4. e5 c5 5. a3 Bxc3+ 6. bxc3 Ne7 7. h4 Qc7 8. h5 h6 9. Rh3 b6 10. a4 Ba6 11. Bxa6 Nxa6 12. Qe2 Nb8 13. a5 bxa5 14. Ba3 Nd7 15. Nf3 Rb8 16. Nh4 O-O 17. Rg3 Nf5 18. Nxf5 exf5 19. Qf3 cxd4 20. Bd6 Qc6 21. cxd4 Qxc2 22.
Bxf8 Nxf8 23. Qd3 Qb2 24. Qa3 Qxd4 25. Qxa5 Rb2 26. Re3 f4 27. Re2 Rxe2+ 28. Kxe2 Qxe5+ 29. Kf1 Qxh5 30. f3 Ne6 31. Qxa7 Qe5 32. Qa8+ Kh7 33.
Rd1 d4 34. Qa2 g6 35. Qc2 Kg7 36. Qc4 h5 37. Re1 Qf5 38. Rd1 h4 39. Kg1 h3 40.
gxh3 Qxh3 41. Qd3 Qg3+ 42. Kf1 Qh3+ 43. Kf2 Qh2+ 44. Kf1 Kh7 45. Rd2 Qh3+ 46. Ke2 Kg7 47.
Kd1 Qh5 48. Re2 Qc5 49. Re4 Kf6 50. Qd2 g5 51. Qh2 Qd5 52. Qh6+ Ke7 53. Qh3 Qb3+ 54.
Kd2 Qc3+ 55. Ke2 Qc2+ 56. Kf1 d3 57. Qf5 Qc1+ 58. Kg2 Qd2+ 59. Kh3 Qc3 60. Qxg5+ Kf8 61. Qd5 d2 62. Qd6+ Kg7 63. Kg4 Kg6 64. Re5 Kf6 65. Rf5+ Kg7 66. Re5 Kg6 67. Rxe6+ fxe6 68. Qxe6+ Kg7 69.
Qe7+ Kg8 70. Qe8+ Kh7 71. Qe4+ Kg7 72. Qe7+ Kg6 73. Qe6+ Kg7 74. Qe7+ 1/2-1/2

[Event "*** Titled Tuesday Blitz"]
[Site "Chess.com"]
[Date "2020.11.24"]
[Round "6"]
[White "BocharovD"]
[Black "Jospem"]
[Result "0-1"]
[WhiteElo "2808"]
[BlackElo "3061"]
[TimeControl "180+1"]
[EndTime "11:24:21 PST"]
[Termination "Jospem won on time"]

1. c4 c5 2. Nf3 Nc6 3. d4 cxd4 4.
Nxd4 g6 5. e4 Bg7 6. Be3 Nf6 7. Nc3 d6 8. Be2 O-O 9. O-O Bd7 10. Qd2 Nxd4 11. Bxd4 Bc6 12. f3 a5 13. b3 Nd7 14. Bf2 Nc5 15. Rab1 Be5 16. Bd1 e6 17.
Bc2 Qe7 18. Rbd1 f5 19. exf5 gxf5 20. Rfe1 Rad8 21. Bd4 Bxd4+ 22. Qxd4 e5 23. Qd2 Qg7 24. Nd5 Kh8 25. Qxa5 Ra8 26. Qc3 Rxa2 27. Re2 Ne6 28. Nb4 Nf4 29. Red2 Raa8 30. Nxc6 bxc6 31. g3 d5 32.
cxd5 cxd5 33. Kh1 d4 34. Qc6 Ng6 35. Bxf5 Ne7 36. Qe4 Nxf5 37. f4 Rae8 38. Re1 Nd6 39. Qd5 exf4 40. Rxe8 Nxe8 41. Qxd4 fxg3 42. hxg3 Nf6 43.
Kg2 Rg8 44. Rd3 Ng4 45. b4 Ne5 46. Re3 Nf7 47. Qxg7+ Kxg7 48. b5 Rb8 49. Rb3 Rb6 50.
Kh3 Nd6 51. g4 Rxb5 52. Rd3 Nf7 53. Kh4 Rb1 54. Ra3 Rh1+ 55. Kg3 Rg1+ 56. Kh4 Rh1+ 57. Kg3 Rc1 58. Ra6 Rc5 59. Kh4 Rc3 60. Ra7 h6 61. Rb7 Rc6 62. Rb1 Kg6 63. Rb3 Ng5 64. Rd3 Rf6 65.
Ra3 Re6 66. Rb3 Nh7 67. Rb5 Re4 68. Rb6+ Nf6 69. Kh3 Rf4 70. Ra6 Kg5 71. Ra5+ Kg6 72. Ra6 Rc4 73. Rb6 Ra4 74. Rc6 Kf7 0-1

[Event "*** Titled Tuesday Blitz"]
[Site "Chess.com"]
[Date "2020.11.24"]
[Round "6"]
[White "JRenatoMaranhao"]
[Black "ambaixador"]
[Result "0-1"]
[WhiteElo "1900"]
[BlackElo "2432"]
[TimeControl "180+1"]
[EndTime "11:24:22 PST"]
[Termination "ambaixador won by checkmate"]

1. e4 c5 2. Nf3 d6 3. Bc4 Nf6 4. Nc3 a6 5. a4 Nc6 6. O-O e6 7.
Re1 Be7 8. d3 O-O 9. Bg5 Rb8 10.
Qe2 Nd4 11. Nxd4 cxd4 12. Na2 b5 13. axb5 axb5 14. Bb3 Nd7 15. Bd2 Nc5 16. Nc1 Bb7 17.
Ba2 Ra8 18. b4 Na4 19. Nb3 Qb6 20. Na5 Rac8 21. Nxb7 Qxb7 22. Bb3 Nc3 23. Qg4 Kh8 24. Ra5 Ra8 25. Rea1 Rxa5 26. bxa5 Qa6 27. f4 Bd8 28. f5 e5 29. Qh5 Kg8 30. Rf1 Bf6 31. g4 h6 32. h4 Ne2+ 33. Kf2 Nf4 34. Bxf4 exf4 35.
g5 Be5 36. gxh6 Qxa5 37. hxg7 Qd2+ 38. Kg1 Bxg7 39. Rf2 Qe3 40. Kf1 f3 41. Qxf3 Qxf3 42. Rxf3 Be5 43. Rf2 Kg7 44. Rg2+ Kf6 45. Rg1 Rh8 46. Rh1 Rh6 47. h5 Bf4 48. Kg2 Ke5 49. Kf3 Be3 50. Rh3 f6 51. Kg4 Rh8 52. Bf7 Rf8 53.
Bb3 Rh8 54. Bd5 Bd2 55. Bb3 Bg5 56. Be6 Rh7 57. Bb3 Rg7 58. Kf3 Bh6 59. Rg3 Bg5 60. Rg4 Rh7 61. Rg3 Rxh5 62. Rg2 Rh1 63. Ke2 Kf4 64.
Rf2+ Kg4 65. Rg2+ Kf4 66. Be6 Rc1 67. Bb3 Ra1 68. Rh2 Kg3 69. Rh7 Rf1 70. Rb7 Rf2+ 71. Ke1 Rh2 72. Rxb5 Kf3 73. c3 Rh1# 0-1

[Event "*** Titled Tuesday Blitz"]
[Site "Chess.com"]
[Date "2020.11.24"]
[Round "6"]
[White "Grandmaster2B"]
[Black "RobertoJBM"]
[Result "1-0"]
[WhiteElo "2531"]
[BlackElo "2684"]
[TimeControl "180+1"]
[EndTime "11:24:25 PST"]
[Termination "Grandmaster2B won on time"]

1. e4 c6 2. d4 d5 3. exd5 cxd5 4. Bd3 Nc6 5. c3 g6 6. Nf3 Nf6 7. O-O Bg7 8. Bf4 Nh5 9. Be3 Qc7 10. Nbd2 O-O 11. Re1 Bd7 12. Nb3 Rad8 13. Bf1 Rfe8 14. Nc5 Bc8 15. Nd3 b6 16. Nfe5 Bb7 17. g4 Nf6 18.
Bf4 Qc8 19. h3 Ne4 20. f3 Nd6 21. Nxc6 Bxc6 22. Ne5 Bb7 23. Kh2 f6 24. Nd3 Nf7 25. Qa4 e5 26. Bg3 e4 27. Nf4 a6 28. Qb3 f5 29. Qxb6 g5 30. Nh5 f4 31. Bf2 Rd6 32. Qb3 e3 33. Bg1 Bf8 34. Bd3 Qc7 35. Qc2 Nd8 36. b3 Re7 37. Rad1 Nc6 38. Bf5 Kh8 39. Qb2 Bg7 40. h4 h6 41. hxg5 hxg5 42.
Kg2 Kg8 43. Bh2 Bf8 44. Bd3 Rh6 45. Rh1 Nd8 46. Bg1 Ne6 47. Qe2 Rf7 48. Qb2 Rd7 49. Qc2 Kf7 50. Bf5 Rd6 51. c4 dxc4 52. Bxe6+ Kxe6 53. Qf5+ Ke7 54. Qe5+ Kd7 55. Qf5+ Rde6 56. Qxf8 Qd8 57.
Qxd8+ Kxd8 58. bxc4 Re7 59. d5 Rc7 60. Rd4 Rc5 61.
d6 Re6 62. Bh2 Kd7 63. Re1 Rxd6 64. Nf6+ Ke6 65. Rxd6+ Kxd6 66. Rd1+ Ke6 67. Ne4 Rxc4 68. Nxg5+ Ke5 69. Nf7+ Ke6 70. Nd8+ Ke5 71. Nxb7 Rc2+ 72. Kh3 Rxa2 73. Nc5 Rc2 74. Nd3+ Kd4 75. Nxf4+ Rd2 76.
Re1 e2 77. Nxe2+ Ke3 78. Ng3+ Kf2 79. Ra1 Kxf3 80. Ra3+ Rd3 81. Rxd3+ Kf2 82. Ra3 1-0

[Event "*** Titled Tuesday Blitz"]
[Site "Chess.com"]
[Date "2020.11.24"]
[Round "6"]
[White "theblitzchamp"]
[Black "ChainsOfFantasia"]
[Result "1-0"]
[WhiteElo "2613"]
[BlackElo "2477"]
[TimeControl "180+1"]
[EndTime "11:24:26 PST"]
[Termination "theblitzchamp won by resignation"]

1. e4 e6 2. Nf3 d5 3. Nc3 Nf6 4. e5 Nfd7 5. d4 c5 6. dxc5 Nc6 7. Bf4 Nxc5 8. Bb5 a6 9. Bxc6+ bxc6 10. O-O Be7 11. Re1 a5 12. Qd2 a4 13. Nd4 Bb7 14. Re3 Qb6 15. Rg3 g6 16. Rb1 Nd7 17. b3 axb3 18.
Rxb3 Qc7 19. Nf3 Nc5 20. Rb1 Ba6 21. Bg5 Bxg5 22. Nxg5 Qxe5 23. Re1 Qd6 24. Qd4 O-O 25. Nxh7 e5 26. Qh4 Kg7 27. Rh3 Rh8 28. Qh6+ Kg8 29. g4 Ne4 30. Nxe4 dxe4 31. g5 Rd8 32. Nf6+ Qxf6 33. gxf6 Rxh6 34. Rxh6 Rd6 35. Rh4 Rxf6 36.
Rhxe4 Rd6 37. Rxe5 Rd2 38. Rc5 Bb5 39. c4 Ba4 40. a3 Rd3 41. Re3 Rd1+ 42. Kg2 Kg7 43.
h4 Rc1 44. Kg3 Rc2 45. h5 Rc1 46. hxg6 Kxg6 47. Re4 Rg1+ 48. Kf3 Ra1 49. Re3 Rb1 50. Ra5 Bc2 51. Ra6 Bf5 52. Rxc6+ Kg5 53. Rc5 Kg6 54. Kf4 Be6 55. Rg3+ Kf6 56. a4 Rb2 57. a5 Ra2 58.
Rf3 Ke7 59. Kg3 Kd6 60. Rb5 Bxc4 61. Rb6+ Kc5 62. Rf5+ Kd4 63. Rc6 Bd3 64. Rd6+ Ke4 65. Rf4+ Ke5 66. Rxd3 Rxa5 67. Re3+ Kd6 68. Rf6+ Kd7 69.
Rxf7+ Kd6 70. Rf4 Rg5+ 71. Kf3 Rc5 72. Rd4+ Kc7 73. Rdd3 Rh5 74. Rc3+ Kd6 75. Ke2 Rh1 76. Rcd3+ Kc5 77. f4 Rh2+ 78. Kf3 Rh3+ 79. Ke4 Rh2 80.
Rd5+ Kc6 81. Rd1 Rf2 82. Rc3+ Kb5 83. Rb1+ Ka4 84. Rc8 Re2+ 85. Kf5 1-0

[Event "*** Titled Tuesday Blitz"]
[Site "Chess.com"]
[Date "2020.11.24"]
[Round "6"]
[White "googlegoom"]
[Black "GMKrikor"]
[Result "1/2-1/2"]
[WhiteElo "2476"]
[BlackElo "2713"]
[TimeControl "180+1"]
[EndTime "11:24:31 PST"]
[Termination "Game drawn - insufficient material"]

1. Nf3 d5 2. b3 c5 3. Bb2 f6 4. d4 cxd4 5. Nxd4 e5 6. Nf3 Nc6 7. e3 Be6 8. Be2 Bd6 9. O-O Nge7 10. Nbd2 O-O 11. c4 Rc8 12. a3 Qd7 13. b4 Rfd8 14. Rc1 Bb8 15. cxd5 Nxd5 16. Nc4 Qf7 17. Qa4 a6 18. b5 axb5 19. Qxb5 Ba7 20. Rfd1 Rb8 21.
a4 h6 22. Ba3 Nc7 23. Qb2 Rxd1+ 24. Bxd1 b5 25. Nd6 Qd7 26. Nxb5 Nxb5 27. axb5 Na5 28.
Be2 Qd5 29. Bb4 Qb3 30. Qxb3 Nxb3 31. Rb1 Bb6 32. Nd2 Nc5 33. Bc4 Kf7 34. Bxe6+ Kxe6 35. Nc4 Nd3 36. Nxb6 Rxb6 37. Ba5 Rb7 38. b6 Nc5 39.
Rc1 Kd5 40. Rb1 Kc6 41. Kf1 Rd7 42. Ke2 Rb7 43. f3 f5 44. h4 e4 45. fxe4 Nxe4 46.
Rb3 Nc5 47. Rb2 Kd5 48. Rb1 Ne4 49. Rd1+ Kc6 50. Rb1 Rb8 51. Rc1+ Kb5 52. Rc7 Kxa5 53.
b7 Ka6 54. Rxg7 Rxb7 55. Rxb7 Kxb7 56. Kf3 Kc6 57. Kf4 Nd6 58. Ke5 Kd7 59. Kf6 Kc6 60.
Kg6 Kd5 61. Kxh6 Ke6 62. Kg5 Ne4+ 63. Kf4 Nf6 64. Kg5 Nd5 65. h5 Nf6 66. h6 Kf7 67. Kxf5 Nh7 68. g3 Nf8 69. e4 Ng6 70. g4 Ne7+ 71.
Kg5 Nc6 72. Kf5 Ne7+ 73. Kg5 Nc6 74. Kh5 Ne7 75. g5 Ng6 76. Kg4 Ne7 77. Kf4 Kg6 78. Ke5 Kxg5 79. h7 Ng6+ 80. Ke6 Kh6 81. Kf7 Kxh7 82.
e5 Nxe5+ 1/2-1/2

[Event "*** Titled Tuesday Blitz"]
[Site "Chess.com"]
[Date "2020.11.24"]
[Round "6"]
[White "azikom"]
[Black "LiamVrolijk"]
[Result "1/2-1/2"]
[WhiteElo "2606"]
[BlackElo "2798"]
[TimeControl "180+1"]
[EndTime "11:24:36 PST"]
[Termination "Game drawn by repetition"]

1. d4 g6 2. Nf3 Bg7 3. e4 d6 4. c3 Nf6 5. Bd3 Nc6 6. O-O O-O 7.
Na3 Nd7 8. Nc2 e5 9. h3 a5 10.
Re1 h6 11. a3 Qe7 12. Bd2 Nf6 13. Rc1 Bd7 14. Ne3 Kh7 15. b4 axb4 16. axb4 Nh5 17.
Nd5 Qd8 18. dxe5 Nxe5 19. Nxe5 dxe5 20. Be3 Be6 21. Bc4 Nf4 22. Bc5 Re8 23. Qf3 c6 24.
Nb6 Bxc4 25. Nxc4 Qd3 26. Ne3 Ra2 27. Kh2 Kg8 28. Red1 Rd2 29. Rxd2 Qxd2 30. Rd1 Qxc3 31. Rd7 b6 32. Bxb6 Qxb4 33. Bc7 Qb3 34. g3 Nh5 35.
Kg2 Qe6 36. Rd6 Qe7 37. Rxc6 Nf6 38. Bd6 Qd7 39. Rb6 Re6 40. Bc5 Rxb6 41. Bxb6 Qc6 42.
Bd8 Nxe4 43. Ng4 f5 44. Ne3 Qd7 45. Ba5 Qb5 46. Be1 Qd3 47. Qd1 Qxd1 48. Nxd1 Kf7 49. f3 Nc5 50. g4 Ke6 51. Bd2 Nb3 52. Be3 f4 53. Bf2 e4 54. fxe4 Nd2 55. Bg1 g5 56. Nf2 Bd4 57. Nd3 Bxg1 58. Kxg1 Nxe4 59. Kg2 Kd5 60.
Kf3 Nd2+ 61. Kf2 Nc4 62. Nb4+ Ke4 63. Nc2 Ne5 64. Ke2 f3+ 65. Kf2 Nd3+ 66. Kg3 Nf4 67. Nb4 Ke3 68. Nc2+ Ke4 69. Nb4 Ne2+ 70. Kf2 Nc1 71.
Kg3 Nd3 72. Nc2 Nf4 1/2-1/2

[Event "*** Titled Tuesday Blitz"]
[Site "Chess.com"]
[Date "2020.11.24"]
[Round "6"]
[White "zala02"]
[Black "Nara_Kh"]
[Result "1-0"]
[WhiteElo "2161"]
[BlackElo "2364"]
[TimeControl "180+1"]
[EndTime "11:24:39 PST"]
[Termination "zala02 won by resignation"]

1. d4 d5 2. c4 c6 3. Nf3 Nf6 4. e3 Bf5 5. Qb3 Qb6 6. Nc3 e6 7. Nh4 Bg4 8. h3 Bh5 9. g4 g5 10. Nf3 Bg6 11. Qxb6 axb6 12. Nxg5 Na6 13. Be2 Nb4 14.
Bd1 Nd3+ 15. Kf1 dxc4 16. Kg2 b5 17. f4 b4 18. Na4 b5 19. Nc5 Bxc5 20. dxc5 Nxc1 21.
Rxc1 Rxa2 22. Bf3 Rxb2+ 23. Kg3 Kd7 24. Rhd1+ Bd3 25. Nxf7 Rg8 26. Ne5+ Ke7 27. Nxd3 cxd3 28. Rxd3 Nd5 29. e4 Nc3 30. Rd6 Rb3 31. Kf2 Rb2+ 32. Kg3 h5 33. f5 hxg4 34. hxg4 exf5 35. exf5 Rb3 36. Kf4 Rb2 37. Re1+ Kf7 38. Bxc6 Ne2+ 39. Kf3 Nc3 40. Kf4 Rf2+ 41. Kg3 Re2 42. Rxe2 Nxe2+ 43.
Kf3 Nc3 44. Rd7+ Kf6 45. Rb7 Rd8 46. Bxb5 Rd4 47. Be2 Nd5 48. c6 Rf4+ 49. Kg3 Re4 50.
Bb5 Re3+ 51. Kf2 Rc3 52. Rd7 Nf4 53. c7 Kg5 54. Rg7+ Kh4 55. Ba6 Nh3+ 56. Ke2 Nf4+ 57. Kd2 Kg3 58. c8=Q Rxc8 59. Bxc8 b3 60. Rb7 Kxg4 61.
Rxb3 Kg5 62. Rf3 Nd5 63. Rf1 Kf6 64. Be6 Nc7 65. Kd3 Nb5 66. Kc4 Nd6+ 67. Kd5 Nb5 68. Bd7 Nc3+ 69. Kc4 Ne4 70. Ra1 Ng3 71. Ra6+ Kf7 72.
Kd5 Ne2 73. Be6+ Ke7 74. Ke5 Ng3 75. f6+ Kd8 76. Ra8+ Kc7 77. Rc8+ Kb6 78. Rc3 Nh5 79. f7 1-0

[Event "*** Titled Tuesday Blitz"]
[Site "Chess.com"]
[Date "2020.11.24"]
[Round "6"]
[White "xamax2000"]
[Black "Supernotar"]
[Result "1/2-1/2"]
[WhiteElo "2634"]
[BlackElo "2849"]
[TimeControl "180+1"]
[EndTime "11:24:49 PST"]
[Termination "Game drawn by stalemate"]

1. d4 d5 2. c4 dxc4 3. e4 Nf6 4. e5 Nd5 5. Bxc4 Nb6 6. Bd3 Nc6 7. Ne2 Nb4 8. Be4 N4d5 9. Nbc3 Be6 10. O-O c6 11. f4 f5 12. exf6 exf6 13. f5 Bf7 14. Nf4 Nxf4 15. Bxf4 Bd6 16. b3 O-O 17. Qd3 Re8 18.
Rad1 Qd7 19. a4 Rad8 20. a5 Bxf4 21. Rxf4 Nd5 22. Bxd5 Bxd5 23. Nxd5 Qxd5 24. Qc4 Re7 25. Kf2 Red7 26. Qxd5+ Rxd5 27. b4 b6 28. axb6 axb6 29. g4 Rb5 30. Rb1 c5 31. dxc5 bxc5 32. Rc4 Rdb8 33.
Ke3 Rxb4 34. Rcxb4 Rxb4 35. Rc1 Rxg4 36. Rxc5 h5 37. Kf3 Kh7 38. h3 Rh4 39. Kg3 Rd4 40. h4 Rg4+ 41. Kh3 Ra4 42. Rd5 Ra3+ 43. Kg2 Ra4 44.
Kg3 Re4 45. Rc5 Kh6 46. Rc8 Kh7 47. Rc5 Rg4+ 48. Kh3 Rg1 49. Rd5 Re1 50. Kg3 Kg8 51. Rd8+ Kf7 52. Rh8 Rg1+ 53. Kh3 Rf1 54. Rxh5 Kg8 55.
Kg3 Rg1+ 56. Kf3 Rb1 57. Kg3 Rb3+ 58. Kg4 Rb4+ 59. Kg3 Re4 60. Kf3 Re5 61. Kg4 Ra5 62. Kg3 g6 63. Rh6 Rxf5 64. Rxg6+ Kh7 65. Rg4 Kh6 66.
Rb4 Rd5 67. Rb8 Rd3+ 68. Kg4 Rd4+ 69. Kg3 Kg6 70. Kf3 Rxh4 71. Rb5 Rc4 72. Kg3 Ra4 73. Kf3 Ra3+ 74. Kf4 Ra4+ 75. Kf3 f5 76. Rb8 Ra3+ 77. Kf4 Ra4+ 78. Kf3 Kf6 79. Rf8+ Ke6 80. Re8+ Kd6 81.
Rf8 Ke5 82. Re8+ Kf6 83. Rf8+ Ke6 84. Re8+ Kf7 85. Rb8 Re4 86. Rc8 Kf6 87. Rf8+ Ke5 88. Re8+ Kd5 89. Rxe4 fxe4+ 90. Ke3 Ke5 91. Ke2 Kf4 92. Kf2 e3+ 93. Ke2 Ke4 94. Ke1 Kd4 95. Ke2 Ke4 96. Ke1 Kf3 97. Kf1 Kg3 98. Ke2 Kf4 99.
Ke1 Kf3 100. Kf1 Ke4 101. Ke2 Kd4 102. Ke1 Kd3 103. Kd1 e2+ 104. Ke1 Ke3 1/2-1/2

[Event "*** Titled Tuesday Blitz"]
[Site "Chess.com"]
[Date "2020.11.24"]
[Round "6"]
[White "WPWPWP-2015"]
[Black "Ze-Pequeno"]
[Result "0-1"]
[WhiteElo "2513"]
[BlackElo "2284"]
[TimeControl "180+1"]
[EndTime "11:24:50 PST"]
[Termination "Ze-Pequeno won by checkmate"]

1. d4 Nf6 2. c4 Nc6 3. Nf3 e6 4. Nc3 Bb4 5. Qc2 O-O 6. Bg5 h6 7. Bxf6 Qxf6 8. e3 d6 9. Bd3 e5 10. dxe5 Nxe5 11. Nxe5 Qxe5 12. O-O Bxc3 13. bxc3 b6 14.
Be4 Rb8 15. f4 Qf6 16. Rae1 Bd7 17. Bd3 Rbe8 18. e4 Bc6 19. Re3 Re7 20. Qf2 Rfe8 21. Rfe1 Qxc3 22. Rg3 Bxe4 23. Bf1 Qf6 24. f5 Bc6 25.
Rd1 Re5 26. Bd3 R8e7 27. h3 Kf8 28. Kh2 Be4 29. Bf1 Rxf5 30. Qd2 Bc6 31. Kg1 Rf4 32. Ra3 a5 33. Rg3 Ree4 34. c5 bxc5 35. Bd3 Rd4 36. Qb2 Rb4 37. Qe2 Rb2 38. Qe3 Qd4 39.
Bf1 Qxe3+ 40. Rxe3 Rbf2 41. Rb3 Rf6 42. Rb8+ Ke7 43.
Rc8 Kd7 44. Rb8 Rxa2 45. Rb3 Rff2 46. Re3 Bxg2 47. Bc4 Bc6 48. Bxa2 Rg2+ 49. Kf1 Rxa2 50. Rde1 Bb5+ 51. Kg1 Kc6 52. Rf3 Bc4 53. Rf4 Bd5 54.
Rg4 g5 55. h4 Be6 56. Rg2 Rxg2+ 57. Kxg2 gxh4 58. Kf3 a4 59. Ra1 Kb5 60. Rb1+ Ka5 61. Ke3 a3 62. Rb7 a2 63. Rxc7 Kb4 64. Rb7+ Kc3 65. Ra7 Kb2 66. Rb7+ Bb3 67. Rb6 a1=Q 68. Rxd6 Qe1+ 69. Kf4 Qc3 70. Kf5 Qg3 71. Rd2+ Kc3 72.
Rd6 Kb4 73. Kf6 Kc4 74. Ke7 Qxd6+ 75. Kxd6 h3 76. Ke5 h2 77. Kf4 h1=Q 78. Kf5 Qd1 79. Kf6 h5 80. Kg5 h4 81. Kh6 Kb4 82. Kg7 Qd5 83. Kf6 Qe6+ 84. Kg7 f5 85. Kf8 f4 86. Kg7 Kc4 87. Kh7 Kd4 88. Kg7 Qd7+ 89. Kg6 Bd1 90. Kg5 f3 91. Kf4 f2 92. Kg5 Qg4+ 93.
Kf6 f1=Q+ 94. Ke7 Qe4+ 95. Kd6 Qf6+ 96. Kc7 Qee7+ 97. Kb8 Qff8# 0-1

[Event "*** Titled Tuesday Blitz"]
[Site "Chess.com"]
[Date "2020.11.24"]
[Round "6"]
[White "biostatistician"]
[Black "Kislov_Oleg"]
[Result "1/2-1/2"]
[WhiteElo "2542"]
[BlackElo "2375"]
[TimeControl "180+1"]
[EndTime "11:25:02 PST"]
[Termination "Game drawn by agreement"]

1. d4 Nf6 2. Nf3 d5 3. c4 e6 4. Bg5 Bb4+ 5. Nc3 h6 6. Bxf6 Qxf6 7. e3 O-O 8. Rc1 c5 9. dxc5 Nc6 10. a3 Bxc5 11.
cxd5 exd5 12. Qxd5 Bb6 13. Be2 Be6 14. Qe4 Rfd8 15.
O-O Bf5 16. Qh4 g5 17. Qg3 Rac8 18. h4 g4 19. Nh2 h5 20. Qf4 Bc7 21. Qg5+ Qxg5 22.
hxg5 Kg7 23. Rfd1 Kg6 24. f4 gxf3 25. Nxf3 Bb6 26. Kf2 Re8 27. Nd5 Bd8 28. Nf4+ Kh7 29. Nh4 Bg6 30. Nhxg6 fxg6 31. Rd7+ Re7 32. Rcd1 Bb6 33.
Rxe7+ Nxe7 34. Rd7 Rc7 35. Rxc7 Bxc7 36. Bd3 Be5 37. b3 Bd6 38. a4 Bc5 39. Nxh5 Nd5 40. Nf6+ Nxf6 41. gxf6 Bd6 42. Kf3 Be5 43. f7 Kg7 44. Bc4 a5 45. Ke4 Bd6 46. Kd5 Bb4 47.
Ke6 b6 48. Bd3 g5 49. g4 Bd2 50. e4 Bb4 51. Bc4 Kf8 52. Kf6 Be7+ 53. Kg6 Bd8 54.
e5 Be7 55. Kf5 Bd8 56. Ke6 Be7 57. Kd7 Bc5 58. Kc7 Ke7 59. Kc6 Kf8 60. Kd7 Be7 61.
Kc6 Bc5 62. Kc7 Ke7 63. Bd5 Kf8 64. Kd7 Be7 65. Ke6 Bc5 66. Kf6 Be7+ 67. Kg6 Bd8 68.
Bc4 Be7 69. Kf5 Bd8 70. Ke6 Be7 71. Bd5 Bc5 72. Kf6 Be7+ 73. Kg6 Bd8 74. e6 Be7 75.
Kf5 Bd8 76. Ke5 Be7 77. Bc4 Bd8 78. Kd5 Be7 79. Kc6 Bc5 80. Kd7 Be7 81. Kc7 Bc5 82. Bd3 Ke7 83. Kc6 Kxe6 84. b4 Bxb4 85. Kxb6 Kxf7 86.
Bf5 Kf6 87. Kb5 Be1 88. Kc5 1/2-1/2

[Event "*** Titled Tuesday Blitz"]
[Site "Chess.com"]
[Date "2020.11.24"]
[Round "6"]
[White "SARGISMV"]
[Black "PavelShkapenko"]
[Result "0-1"]
[WhiteElo "2502"]
[BlackElo "2685"]
[TimeControl "180+1"]
[EndTime "11:25:09 PST"]
[Termination "PavelShkapenko won on time"]

1. d4 Nf6 2. Nf3 e6 3. c4 Bb4+ 4. Nc3 c5 5. d5 exd5 6. cxd5 d6 7.
Bg5 Nbd7 8. a3 Bxc3+ 9. bxc3 Qa5 10. Qd3 O-O 11. Bd2 c4 12. Qxc4 Re8 13. e3 Nb6 14. Qb4 Qxd5 15. c4 Qc5 16. Bc3 Bg4 17. Bxf6 gxf6 18. Be2 Qxb4+ 19. axb4 Rec8 20. Rc1 a5 21. b5 Bxf3 22. Bxf3 Rc7 23. Ke2 Rac8 24. Rhd1 Nxc4 25.
Rd4 Kf8 26. Bxb7 Rxb7 27. Rdxc4 Rxc4 28. Rxc4 Rxb5 29. Rc8+ Ke7 30. Ra8 f5 31. Kf3 Ke6 32. h4 Kf6 33. Ra6 Ke5 34. Ra8 Ke6 35. Ra7 h6 36. Ra8 Re5 37. g3 Rc5 38. Rh8 a4 39. Ra8 Rc4 40. Ra5 Rb4 41. Ke2 Ke7 42. Kd3 Rb2 43.
f3 Rg2 44. Rxf5 Rxg3 45. Ke4 Rh3 46. Ra5 Rxh4+ 47. f4 Ke6 48. Rxa4 Rh5 49. Ra1 Rb5 50. Rh1 h5 51. Kf3 Kf6 52. Ra1 Rd5 53. Ra8 Kg7 54. Rd8 Rd1 55. Ke4 h4 56. Kf3 Rg1 57. Rxd6 h3 58. Rd2 Rh1 59. Kg3 Kg6 60. Rd5 Kf6 61. Re5 h2 62. Kg2 Rb1 63. Kxh2 Rf1 64. Kg3 Rd1 65. Kg2 Rd2+ 66. Kf3 Rd1 67. Ke4 Rb1 68.
Kf3 Rb4 69. Kg4 Rc4 70. Rf5+ Kg7 71. Rg5+ Kf6 72. Rf5+ Kg7 73. Ra5 Kf6 74. Kf3 Rb4 75. Ra6+ Kg7 76. Kg4 Re4 77. Ra3 Rb4 78. Kf5 Rb5+ 79.
Kg4 Rb4 80. Ra6 Re4 81. Kf3 Rb4 82. e4 Rc4 83. f5 Rc5 84. Kf4 Kf8 85. Kg5 Rb5 86.
Kf6 Kg8 87. e5 Kh7 88. Ra7 Kg8 89. Rxf7 Rxe5 0-1

[Event "*** Titled Tuesday Blitz"]
[Site "Chess.com"]
[Date "2020.11.24"]
[Round "6"]
[White "MrTattaglia"]
[Black "Nitzan_Steinberg"]
[Result "0-1"]
[WhiteElo "2824"]
[BlackElo "2879"]
[TimeControl "180+1"]
[EndTime "11:25:12 PST"]
[Termination "Nitzan_Steinberg won by checkmate"]

1. Nf3 d5 2. g3 g6 3. Bg2 Bg7 4. d4 Nd7 5. O-O Ngf6 6. Re1 O-O 7. Nbd2 c5 8. e3 b6 9. c3 Bb7 10. b3 Re8 11. Bb2 Rc8 12. Rc1 e6 13. c4 Ne4 14.
Nxe4 dxe4 15. Nd2 f5 16. Qc2 cxd4 17. exd4 Nf6 18. f3 exf3 19. Nxf3 Be4 20. Qe2 Qd7 21. Rcd1 Qb7 22. Ng5 Bxg2 23. Qxg2 Qd7 24. Qe2 Rc6 25. Qf3 Rd6 26. Qe2 h6 27. Nf3 Ne4 28. Rd3 Rd8 29.
Red1 Qc7 30. Qe3 R6d7 31. Nd2 Qc6 32. Nxe4 Qxe4 33. Qf2 Kf7 34. R3d2 Qb7 35. Qe3 h5 36. Re2 Re7 37. d5 e5 38. Qf3 Qc7 39. Rf1 Kg8 40.
Bc1 e4 41. Qg2 Bd4+ 42. Kh1 b5 43. Bg5 bxc4 44. bxc4 Kg7 45. Rc2 Red7 46. Bxd8 Rxd8 47. Qd2 Qe5 48. Qa5 Re8 49. Rd1 e3 50. Rg2 Bc3 51. Qb5 Re7 52. d6 e2 53. Qxe5+ Rxe5 54. Rxe2 Rxe2 55.
c5 Ba5 56. c6 Rc2 57. c7 Bxc7 58. dxc7 Rxc7 59. Rd2 Kh6 60. Kg2 Kg5 61. Kf3 Rc3+ 62. Kg2 Ra3 63. Rc2 a5 64. Kh3 h4 65. Kg2 hxg3 66. hxg3 a4 67. Kh2 Kg4 68. Rg2 g5 69.
Re2 Rxg3 70. Rd2 f4 71. Rd4 Ra3 72. Rd2 f3 73. Rd4+ Kf5 74. Kg3 g4 75. Rf4+ Ke5 76. Kxg4 Rxa2 77. Rxf3 Ke4 78. Rc3 Kd4 79. Rc8 a3 80.
Kf4 Rf2+ 81. Kg3 a2 82. Kxf2 a1=Q 83. Re8 Qa2+ 84. Re2 Qf7+ 85. Ke1 Kd3 86. Rd2+ Kc3 87. Rf2 Qe6+ 88. Re2 Qg4 89. Kf2 Qf4+ 90. Ke1 Kd3 91. Rg2 Qe3+ 92. Kf1 Qf3+ 93. Rf2 Qh1# 0-1

[Event "*** Titled Tuesday Blitz"]
[Site "Chess.com"]
[Date "2020.11.24"]
[Round "6"]
[White "Sacbutt"]
[Black "ChessWarrior3"]
[Result "1/2-1/2"]
[WhiteElo "2288"]
[BlackElo "2088"]
[TimeControl "180+1"]
[EndTime "11:25:33 PST"]
[Termination "Game drawn by 50-move rule"]

1. d4 Nf6 2. c4 g6 3. Nc3 d5 4. cxd5 Nxd5 5. e4 Nxc3 6. bxc3 Bg7 7. Nf3 c5 8. Rb1 O-O 9. Be2 cxd4 10. cxd4 Qa5+ 11.
Bd2 Qxa2 12. O-O b6 13. Bb4 Nc6 14. Ra1 Qe6 15. d5 Qxe4 16. dxc6 Bxa1 17. Qxa1 Qxb4 18. Ne5 Bf5 19. Bc4 a5 20. Rc1 b5 21. Bd5 e6 22.
Bf3 a4 23. Nd7 Rfe8 24. c7 e5 25. Nf6+ Kg7 26. Nxe8+ Rxe8 27. Bb7 Bc8 28. Bxc8 Rxc8 29. Qxe5+ Kg8 30. Qd5 a3 31. Qd8+ Qf8 32. Qd5 b4 33. h4 Kg7 34. h5 h6 35. hxg6 fxg6 36. Qe6 Re8 37. Qd7+ Qf7 38. Qd4+ Qf6 39. Qxb4 a2 40. Qa4 Qe6 41. Ra1 Rc8 42. Rxa2 Rxc7 43. Qd4+ Qf6 44. Qxf6+ Kxf6 45. Ra6+ Kg5 46. Kh2 Rc5 47. f3 h5 48. Rd6 h4 49. Kh3 Kh5 50. Rd4 g5 51. Rd8 Rc1 52. Rh8+ Kg6 53. Rg8+ Kh6 54. Kg4 Rc4+ 55. Kf5 Rf4+ 56. Ke5 Kh5 57. Rg7 Ra4 58.
Rd7 Ra2 59. f4 gxf4 60. Kxf4 Rxg2 61. Rh7+ Kg6 62. Rxh4 Rg5 63. Rh8 Rf5+ 64. Ke4 Rf7 65. Ra8 Rf6 66. Ra3 Rf5 67. Rg3+ Rg5 68. Rd3 Rf5 69.
Rd6+ Rf6 70. Rd4 Rf5 71. Rd6+ Rf6 72. Rd8 Rf7 73. Rg8+ Rg7 74. Re8 Rf7 75. Re5 Rf6 76. Rd5 Re6+ 77. Kf4 Rf6+ 78. Kg4 Re6 79. Rd7 Re4+ 80.
Kf3 Ra4 81. Rd6+ Kg5 82. Rd5+ Kf6 83. Rb5 Ra3+ 84. Ke4 Ra4+ 85. Kd5 Rf4 86. Rb6+ Ke7 87. Ke5 Rf1 88. Rb7+ Kd8 89. Ra7 Re1+ 90. Kd6 Rd1+ 91. Kc6 Rc1+ 92. Kd5 Rd1+ 93. Ke4 Kc8 94. Kf3 Kb8 95. Ra2 Rd4 96. Re2 Rb4 97. Re4 Rb7 98. Kf4 Ka8 99. Re5 Rh7 100. Kf5 Rh5+ 101. Ke6 Rh6+ 102. Kd5 Rb6 103. Re6 Rb7 104. Kc6 Rb1 105. Re8+ Ka7 106. Re3 Rc1+ 107. Kb5 Rb1+ 108. Kc6 Rc1+ 109. Kb5 Kb8 110. Kb6 Rb1+ 111. Ka6 Kc7 112. Rc3+ 1/2-1/2